 Dungeon Crawl Stone Soup version 0.31.0-9-g3a7656b989 (webtiles) character file.

Game seed: 2501555689478687648

9398 MacCMillion the Thaumaturge (level 11, -1/79 HPs)
             Began as a Djinni Alchemist on Jan 27, 2024.
             Was a Believer of Makhleb.
             Slain by a vampire mosquito (9 damage)
             ... on level 11 of the Dungeon.
             The game lasted 00:35:13 (13678 turns).

MacCMillion the Thaumaturge (Djinni Alchemist)     Turns: 13678, Time: 00:35:13

Health: -1/79      AC:  3    Str: 13    XL:     11   Next: 73%
Gold:   1067       EV: 15    Int: 21    God:    Makhleb [**....] SH:  0 Dex: 14

rFire   + + .        k - +1 dagger (speed)
rCold   x . .        (no shield)
rNeg    . . .        a - +0 robe
rPois   ∞            s - +0 helmet
rElec   .            (no cloak)
rCorr   .            (no gloves)
SInv    +            (boots unavailable)
Will    +....        (no amulet)
Stlth   +++          d - ring of see invisible
HPRegen 0.33/turn    x - +6 ring of strength
MPRegen 0.00/turn

%: infuse magic (-2 HP)
@: flying
A: sickness immunity, fire resistance 2, cold vulnerability 1, float, innate
caster, HP casting, extra vitality 1
a: Renounce Religion, Minor Destruction


You were on level 11 of the Dungeon.
You worshipped Makhleb.
Makhleb was pleased with you.
You visited 2 branches of the dungeon, and saw 12 of its levels.
You also visited: Bailey.

You collected 1067 gold pieces.

Inventory:

Hand Weapons
 c - a +0 dagger
 k - a +1 dagger of speed (weapon)
 E - a +2 dagger of freezing
Missiles
 K - a throwing net
 N - 13 curare-tipped darts
Armour
 a - a +0 robe (worn)
 s - a +0 helmet (worn)
Jewellery
 d - a ring of see invisible (left hand)
 v - a ring of willpower
 x - a +6 ring of strength (right hand)
 G - a ring of ice
 H - a +5 ring of evasion
Wands
 z - a wand of paralysis (13)
 D - a wand of acid (9)
 L - a wand of roots (6)
Scrolls
 b - 2 scrolls of revelation
 e - 2 scrolls of teleportation {unknown}
 f - a scroll of enchant armour
 l - 2 scrolls of noise {unknown}
 m - 2 scrolls of enchant weapon {unknown}
 n - 4 scrolls of fog {unknown}
 o - 3 scrolls of fear {unknown}
 p - 2 scrolls of poison {unknown}
 q - 3 scrolls of amnesia {unknown}
 u - 2 scrolls of immolation {unknown}
 y - 3 scrolls of blinking {unknown}
 A - a scroll of torment {unknown}
 F - 2 scrolls of vulnerability {unknown}
 O - 2 scrolls of identify
Potions
 g - 5 potions of lignification
 h - a potion of ambrosia {unknown}
 i - 4 potions of curing
 j - 5 potions of degeneration
 r - a potion of magic {unknown}
 t - 3 potions of heal wounds
 w - 2 potions of berserk rage
 B - 2 potions of mutation {unknown}
 C - 3 potions of might
 I - 2 potions of haste {unknown}
 J - a potion of brilliance {unknown}
 M - a potion of enlightenment {unknown}


   Skills:
 + Level 7.0 Fighting
 + Level 8.1 Dodging
 - Level 4.0 Stealth
 + Level 11.3 Spellcasting
 + Level 11.3 Conjurations
 + Level 11.3 Hexes
 + Level 11.3 Summonings
 + Level 11.3 Necromancy
 + Level 11.3 Translocations
 + Level 11.3 Fire Magic
 + Level 11.3 Ice Magic
 + Level 11.3 Air Magic
 + Level 11.3 Earth Magic
 + Level 11.3 Alchemy


You knew the following spells:

 Your Spells              Type           Power      Damage    Failure   Level
a - Sting                 Conj/Alch      100%       1d9       1%          1
b - Mercury Vapours       Alch/Air       100%       N/A       1%          2
c - Mephitic Cloud        Conj/Alch/Air  56%        N/A       1%          3
d - Olgreb's Toxic Radia  Alch           56%        N/A       1%          4
e - Sticky Flame          Fire/Alch      56%        2d10      1%          4
f - Apportation           Tloc           100%       N/A       1%          1
g - Jinxbite              Hex            100%       N/A       1%          2
h - Vampiric Draining     Necr           56%        2d10      1%          3
i - Gell's Gravitas       Tloc           56%        N/A       1%          3
j - Summon Forest         Summ/Tloc      28%        N/A       1%          5
Your spell library was empty.

Dungeon Overview and Level Annotations

Branches:
Dungeon (11/15)            Temple (1/1) D:7             Orc (0/2) D:9
 Bailey (visited)
   Lair: D:8-11

Altars:
Ashenzari
Cheibriados
Dithmenos
Elyvilon
Fedhas
Gozag
Hepliaklqana
Makhleb
Nemelex Xobeh
Okawaru
Qazlal
Ru
Trog
Uskayaw
Wu Jian
Xom
Yredelemnul
Zin
The Shining One

Shops:
D:7 *   D:9 [

Annotations:
D:2 1 runed translucent door, rPoi cloak, Crazy Yiuf
D:6 exclusion: wight


Innate Abilities, Weirdness & Mutations

You are immune to sickness and miasma.
You are immune to poison.
Your flesh is very heat resistant. (rF++)
You are vulnerable to cold. (rC-)
You float through the air rather than walking.
You learn spells naturally, not from books.
Your magical power is your life essence.
You have superior vitality. (+4 MHP)


Message History

Press: ? - help, Shift-Dir - straight line, f - vampire mosquito
Aim: a vampire mosquito The sticky flame hits the vampire mosquito!
The vampire mosquito is moderately damaged.
The vampire mosquito burns!
The vampire mosquito bites you.
The vampire mosquito completely misses you.
The vampire mosquito burns!
The vampire mosquito bites you!
The vampire mosquito closely misses you.
The vampire mosquito burns!
You destroy the vampire mosquito!
Makhleb accepts your kill. The vampire mosquito bites you.
A wraith comes into view.
Casting: Sticky Flame (mildly dangerous; 1% risk of failure)
Confirm with . or Enter, or press ? or * to list all spells.
Okay, then.
The vampire mosquito misses you. The vampire mosquito bites you.
Casting: Sticky Flame (mildly dangerous; 1% risk of failure)
Confirm with . or Enter, or press ? or * to list all spells.
Aiming: Sticky Flame (mildly dangerous; 1% risk of failure)
Press: ? - help, Shift-Dir - straight line, f - vampire mosquito
Aim: a vampire mosquito The sticky flame hits the vampire mosquito!
The vampire mosquito is moderately damaged.
The vampire mosquito burns!
The vampire mosquito closely misses you.
The vampire mosquito bites you!
* * * LOW HITPOINT WARNING * * *
The vampire mosquito burns!
The vampire mosquito attacks as it pursues you!
The vampire mosquito bites you.
* * * LOW HITPOINT WARNING * * *
The vampire mosquito barely misses you.
The vampire mosquito burns!
The vampire mosquito stops burning.
The vampire mosquito attacks as it pursues you!
The vampire mosquito bites you!
* * * LOW HITPOINT WARNING * * *
The vampire mosquito bites you!
You die...

#.#..# ###
###.#..###...#
#.#.#.<...#
#.#.#.....#
#.#.#.W...#
#.........#
#.#.#.....#
#y#.#.....#
#@#.#.#####
#†#.#.#
#.#.#..
#........
.....y...
##.....y..
#........
###.#....
.#....


You could see a vampire mosquito.

Vanquished Creatures
  Erica (D:8)
  2 two-headed ogres
  Jeremiah (D:7)
  2 trolls
  Grinder (D:6)
  3 hornets
  A wraith (D:10)
  A wyvern (D:9)
  5 yaks
  2 vampire mosquitoes (D:11)
  An acid dragon (D:8)
  3 water moccasins
  8 orc warriors
  3 black bears (D:6)
  3 ogres
  2 centaurs
  A phantom (D:6)
  8 kobold brigands
  5 bullfrogs
  A scorpion (D:6)
  A gnoll sergeant (D:8)
  9 wights
  10 killer bees
  4 howler monkeys
  2 bombardier beetles
  4 jellies
  9 orc priests
  2 hounds (D:5)
  3 iguanas
  4 orc wizards
  9 gnolls
  An adder (D:3)
  2 dart slugs (D:1)
  2 ribbon worms
  43 orcs
  4 endoplasms
  4 giant cockroaches
  15 goblins
  8 hobgoblins
  9 jackals
  20 kobolds
  7 quokkas
  8 ball pythons
  5 bats
  6 frilled lizards
  5 rats
250 creatures vanquished.

Notes
Turn   | Place    | Note
-------+----------+-------------------------------------------
     0 | D:1      | MacCMillion the Djinni Alchemist began the quest for the
                  | Orb.
     0 | D:1      | MacCMillion set off with the following spells memorised:
                  | Sting, Mercury Vapours, Mephitic Cloud, Olgreb's Toxic
                  | Radiance, Sticky Flame.
     0 | D:1      | Reached XP level 1. HP: 15/15 MP: 0/0
   176 | D:1      | Reached XP level 2. HP: 21/21 MP: 0/0
   555 | D:1      | Reached XP level 3. HP: 24/25 MP: 0/0
   555 | D:1      | Learned a level 1 spell: Apportation
   935 | D:1      | Reached XP level 4. HP: 31/31 MP: 0/0
  1685 | D:2      | Found a runed translucent door.
  1686 | D:2      | Noticed Crazy Yiuf
  2612 | D:3      | Reached XP level 5. HP: 35/35 MP: 0/0
  2612 | D:3      | Learned a level 2 spell: Jinxbite
  2827 | D:3      | Found a faded altar of an unknown god.
  3298 | D:4      | Reached skill level 5 in Spellcasting
  3298 | D:4      | Reached skill level 5 in Conjurations
  3298 | D:4      | Reached skill level 5 in Hexes
  3298 | D:4      | Reached skill level 5 in Summonings
  3298 | D:4      | Reached skill level 5 in Necromancy
  3298 | D:4      | Reached skill level 5 in Translocations
  3298 | D:4      | Reached skill level 5 in Fire Magic
  3298 | D:4      | Reached skill level 5 in Ice Magic
  3298 | D:4      | Reached skill level 5 in Air Magic
  3298 | D:4      | Reached skill level 5 in Earth Magic
  3298 | D:4      | Reached skill level 5 in Alchemy
  3482 | D:4      | Reached XP level 6. HP: 22/40 MP: 0/0
  4162 | D:5      | Entered Level 5 of the Dungeon
  4271 | D:5      | Reached XP level 7. HP: 35/45 MP: 0/0
  4271 | D:5      | Learned a level 3 spell: Vampiric Draining
  4332 | D:5      | Noticed a water moccasin
  4497 | D:5      | Killed a water moccasin
  5017 | D:6      | Noticed a water moccasin
  5019 | D:6      | Killed a water moccasin
  5221 | D:6      | Reached XP level 8. HP: 21/50 MP: 0/0
  5983 | D:6      | Noticed Grinder
  5987 | D:6      | Paralysed by Grinder for 4 turns
  6002 | D:6      | Killed Grinder
  6416 | D:6      | Reached XP level 9. HP: 41/55 MP: 0/0
  6416 | D:6      | Learned a level 3 spell: Gell's Gravitas
  7399 | D:7      | Found a staircase to the Ecumenical Temple.
  8047 | Temple   | Entered the Ecumenical Temple
  8142 | D:7      | Reached skill level 10 in Spellcasting
  8142 | D:7      | Reached skill level 10 in Conjurations
  8142 | D:7      | Reached skill level 10 in Hexes
  8142 | D:7      | Reached skill level 10 in Summonings
  8142 | D:7      | Reached skill level 10 in Necromancy
  8142 | D:7      | Reached skill level 10 in Translocations
  8142 | D:7      | Reached skill level 10 in Fire Magic
  8142 | D:7      | Reached skill level 10 in Ice Magic
  8142 | D:7      | Reached skill level 10 in Air Magic
  8142 | D:7      | Reached skill level 10 in Earth Magic
  8142 | D:7      | Reached skill level 10 in Alchemy
  8448 | D:7      | Reached skill level 1 in Fighting
  8756 | D:7      | Found Vafy's Fire Supplies.
  8824 | D:7      | Noticed Jeremiah
  8846 | D:7      | Killed Jeremiah
  9085 | D:7      | Found a bloodstained altar of Trog.
  9207 | D:7      | Found a sparkling altar of Nemelex Xobeh.
  9331 | D:7      | Reached XP level 10. HP: 59/65 MP: 0/0
  9498 | D:8      | Noticed Erica
  9507 | D:8      | Killed Erica
  9508 | D:8      | Reached skill level 5 in Dodging
  9748 | D:8      | Found a glowing silver altar of Zin.
  9751 | D:8      | Found an ornate altar of the Wu Jian Council.
  9752 | D:8      | Found a burning altar of Makhleb.
  9753 | D:8      | Found a basalt altar of Yredelemnul.
  9756 | D:8      | Became a worshipper of Makhleb the Destroyer
  9762 | D:8      | Found a stormy altar of Qazlal.
 10060 | D:8      | Found an iron altar of Okawaru.
 10061 | D:8      | Found a snail-covered altar of Cheibriados.
 10805 | D:9      | Found Castua Direrr's Armour Shop.
 10973 | D:9      | Reached * piety under Makhleb
 11101 | D:9      | Found a sacrificial altar of Ru.
 11143 | D:9      | Reached skill level 5 in Fighting
 11353 | D:9      | Reached XP level 11. HP: 72/75 MP: 0/0
 11353 | D:9      | Learned a level 5 spell: Summon Forest
 11375 | D:9      | Found a staircase to the Orcish Mines.
 11479 | D:9      | Found a shadowy altar of Dithmenos.
 11614 | D:9      | Noticed a two-headed ogre
 11654 | D:9      | Killed a two-headed ogre
 11784 | D:10     | Entered Level 10 of the Dungeon
 11979 | D:10     | Found a flagged portal.
 12233 | Bailey   | Entered a bailey
 12241 | Bailey   | Reached ** piety under Makhleb
 12576 | Bailey   | Identified the +6 spear of Inwem {antimagic, rF+ rC- rCorr
                  | Int+3}
 12689 | Bailey   | Found an iron altar of Okawaru.
 12820 | D:10     | Noticed a two-headed ogre
 12859 | D:10     | Killed a two-headed ogre
 13678 | D:11     | Slain by a vampire mosquito

Illustrated notes

Levels and vault maps discovered:
D:1:      minmay_arrival_diagonal_passages, layout_basic
D:2:      layout_basic, uniq_crazy_yiuf_cottage
D:3:      layout_loops_ring, shapermc_ecumenical_altar_pompeii, st_stairs_4,
          amethyst_killhole, corner_web_ring, minmay_misc_feat_diagonals,
          hangedman_abyss_or_decor_lesser_grid
D:4:      layout_basic, hangedman_decor_diamond_cutter, minmay_distorted
D:5:      layout_rooms, serial_bayou_pond_b
D:6:      layout_layer_cave, minmay_ogre_servants, uniq_grinder
D:7:      layout_cave_pools, marbit_many_paths, nemelex_dance_club_becter,
          mainiacjoe_overflow_alcove_1, minmay_temple_entry_offerings,
          nicolae_shop_fire_sale [nicolae_sub_dead_trees], uniq_jeremiah
D:8:      layout_basic, minitemple, nicolae_overflow_squiral, uniq_erica
D:9:      layout_cave_pools, mainiacjoe_overflow_catwalk_spiral, orc_0_dummy,
          serial_shops, nicolae_shop_tiny_statue_garden
D:10:     layout_long_grid, enter_bailey_8
D:11:     layout_basic, erik_lair_dragon, portal_ice_cave_demonic_guard,
          patterned_corridor
Temple:   compressed_dpeg_triangle_lava_temple

Skill      XL: |  1  2  3  4  5  6  7  8  9 10 11 |
---------------+----------------------------------+-----
Spellcasting   | 4 5 6 7 8 10 11 | 11.3
Conjurations   | 4 5 6 7 8 10 11 | 11.3
Hexes          | 4 5 6 7 8 10 11 | 11.3
Summonings     | 4 5 6 7 8 10 11 | 11.3
Necromancy     | 4 5 6 7 8 10 11 | 11.3
Translocations | 4 5 6 7 8 10 11 | 11.3
Fire Magic     | 4 5 6 7 8 10 11 | 11.3
Ice Magic      | 4 5 6 7 8 10 11 | 11.3
Air Magic      | 4 5 6 7 8 10 11 | 11.3
Earth Magic    | 4 5 6 7 8 10 11 | 11.3
Alchemy        | 4 5 6 7 8 10 11 | 11.3
Fighting       | 2 5 7 |  7.0
Dodging        | 3 6 8 |  8.1
Stealth        | 4 |  4.0

Action                     |  1- 3 |  4- 6 |  7- 9 | 10-12 || total
---------------------------+-------+-------+-------+-------++-------
  Melee: Dagger            |     3 |     3 |    14 |    14 ||    34
         Punch             |       |       |       |     1 ||     1
   Cast: Sting             |    61 |    91 |    36 |     5 ||   193
         Olgreb's Toxic Ra |       |     4 |    34 |    70 ||   108
         Sticky Flame      |       |       |    22 |    19 ||    41
         Mephitic Cloud    |       |       |    13 |    15 ||    28
         Gell's Gravitas   |       |       |     2 |       ||     2
         Summon Forest     |       |       |       |     1 ||     1
    Use: Scroll            |       |     3 |       |     5 ||     8
   Stab: Confused          |       |       |     1 |       ||     1
 Armour: Robe              |    18 |    21 |    54 |    24 ||   117
  Dodge: Dodged            |    14 |    19 |    28 |    31 ||    92
